 Dungeon Crawl Stone Soup version 0.31-a0-564-g3b7de120b3 (webtiles) character file.

Game seed: 3189336066944752063

309 IdlyInterested the Cutter (level 6, -4/44 HPs)
             Began as a Demonspawn Gladiator on Aug 17, 2023.
             Slain by Menkaure (13 damage)
             ... on level 4 of the Dungeon.
             The game lasted 00:08:41 (2514 turns).

IdlyInterested the Cutter (Demonspawn Gladiator)    Turns: 2514, Time: 00:08:42

Health: -4/44      AC: 12    Str: 14    XL:     6   Next: 17%
Magic:  7/7        EV: 11    Int: 14    God:
Gold:   143        SH: 11    Dex: 14    Spells: 7/7 levels left

rFire   . . .        i - +1 dagger (drain)
rCold   . . .        b - +0 tower shield
rNeg    . . .        n - +2 ring mail {Will+}
rPois   .            o - +2 hat
rElec   .            p - +2 cloak
rCorr   .            (no gloves)
SInv    .            (no boots)
Will    +....        (no amulet)
Stlth   +            (no ring)
HPRegen 0.27/turn    (no ring)
MPRegen 0.10/turn

%: no passive effects
@: agile
A: antennae 1, powered by pain 1, big brain 1, demonic magic 1
a: no special abilities


You were on level 4 of the Dungeon.
You visited 1 branch of the dungeon, and saw 4 of its levels.

You collected 143 gold pieces.

Inventory:

Hand Weapons
 i - a +1 dagger of draining (weapon)
 k - a +0 short sword
Missiles
 d - 3 throwing nets
 e - a javelin
 f - 10 stones (quivered)
 j - 6 datura-tipped darts
 m - 4 boomerangs
Armour
 b - a +0 tower shield (worn)
 g - a +0 plate armour
 h - a +0 buckler
 n - a +2 ring mail of willpower (worn)
 o - a +2 hat (worn)
 p - a +2 cloak (worn)
 s - a +0 cloak of willpower
Jewellery
 l - a ring of ice
Scrolls
 a - a scroll of teleportation


   Skills:
 - Level 2.0 Fighting
 * Level 4.5 Short Blades
 - Level 3.0 Axes
 - Level 2.0 Throwing
 - Level 3.0 Dodging
 - Level 2.0 Stealth
 + Level 1.0 Spellcasting


You had 7 spell levels left.
You didn't know any spells.
Your spell library contained the following spells:

 Spells                   Type           Power      Damage    Failure   Level
 Cigotuvi's Dreadful Rot  Necr/Pois/Air  0%         N/A       100%        2
 Ignite Poison            Fire/Tmut/Pois 0%         N/A       100%        3
 Freezing Cloud           Conj/Ice/Air   0%         6-21      100%        5


Dungeon Overview and Level Annotations

Branches:
Dungeon (4/15)
 Temple: D:4-7

Altars:
Uskayaw

Shops:
D:3 [

Annotations:
D:4 Menkaure


Innate Abilities, Weirdness & Mutations

You have a pair of small antennae on your head.
You sometimes gain a little power by taking damage.
You have an unusually large brain. (Int +2)
Spells you cast may paralyse adjacent enemies.


Message History

The ball python convulses!
Your body is wracked with pain!
You focus on the pain.
You feel agile all of a sudden. The ball python closely misses you.
The ball python constricts you.
It was a potion of curing.
You feel better. You block the ball python's attack.
The ball python constricts you.
You hit the ball python. You drain the ball python.
You kill the ball python!
The ball python completely misses you. The ball python grabs you.
The ball python constricts you.
You hit the ball python.
You kill the ball python!
You completely miss Menkaure.
Menkaure is moderately damaged.
Menkaure points at you and mumbles some strange words.
You resist with some effort.
Menkaure calls on the powers of darkness!
Your body is wracked with pain!
You hit Menkaure.
Menkaure is heavily damaged.
Menkaure closely misses you.
You hit Menkaure.
Menkaure is heavily damaged.
Menkaure points at you and mumbles some strange words.
You resist with some effort. You block Menkaure's attack.
You hit Menkaure but do no damage.
Menkaure is heavily damaged.
Menkaure's ankle releases a plume of dust as he confides, "I'm not really a mummy, you know."
Menkaure barely misses you.
You hit Menkaure but do no damage.
Menkaure is heavily damaged.
You block Menkaure's attack. Menkaure hits you!
* * * LOW HITPOINT WARNING * * *
You hit Menkaure.
Menkaure is heavily damaged.
You block Menkaure's attack.
You hit Menkaure but do no damage.
Menkaure is heavily damaged.
Menkaure hits you!
You die...

#........ #.......!#
#........#
#........#
#........#
#........#
#########K.......#..
.......@MS..........
#########.<......#
#####.#....# ... ###
..#.. #.. #.# ##. .
.# #


You could see Menkaure (fast), a ball python and a kobold.

Vanquished Creatures
  Sigmund (D:2)
  Crazy Yiuf (D:2)
  Jessica (D:2)
  An adder (D:2)
  A worm (D:2)
  2 dart slugs
  6 bats
  6 giant cockroaches
  7 goblins (D:1)
  5 hobgoblins
  4 jackals (D:1)
  3 quokkas
  11 ball pythons
  2 frilled lizards
  8 kobolds
  6 rats
65 creatures vanquished.

Notes
Turn   | Place    | Note
-------+----------+-------------------------------------------
     0 | D:1      | IdlyInterested the Demonspawn Gladiator began the quest for
                  | the Orb.
     0 | D:1      | Reached XP level 1. HP: 16/16 MP: 1/1
    74 | D:1      | Gained mutation: Spells you cast may paralyse adjacent
                  | enemies. [demonic ancestry]
    74 | D:1      | Reached XP level 2. HP: 17/22 MP: 2/2
   266 | D:1      | Reached skill level 1 in Short Blades
   272 | D:1      | Gained mutation: You sometimes gain a little power by
                  | taking damage. [demonic ancestry]
   272 | D:1      | Reached XP level 3. HP: 21/27 MP: 3/3
   377 | D:1      | Reached skill level 1 in Stealth
  1047 | D:2      | Noticed Sigmund
  1064 | D:2      | Killed Sigmund
  1065 | D:2      | Reached skill level 4 in Short Blades
  1065 | D:2      | Gained mutation: You have an unusually large brain. (Int
                  | +2) [demonic ancestry]
  1065 | D:2      | Reached XP level 4. HP: 22/33 MP: 4/4
  1065 | D:2      | Reached XP level 5. HP: 26/38 MP: 5/5
  1274 | D:2      | Noticed Jessica
  1281 | D:2      | Killed Jessica
  1365 | D:2      | Gained mutation: You have a pair of small antennae on your
                  | head. [demonic ancestry]
  1365 | D:2      | Reached XP level 6. HP: 42/44 MP: 6/6
  1562 | D:2      | Found a runed translucent door.
  1563 | D:2      | Noticed Crazy Yiuf
  1578 | D:2      | Killed Crazy Yiuf
  1979 | D:3      | Reached skill level 1 in Spellcasting
  2144 | D:3      | Found a hide-covered altar of Uskayaw.
  2164 | D:3      | Found Oxi Val's Armour Shoppe.
  2490 | D:4      | Noticed Menkaure
  2514 | D:4      | Slain by Menkaure

Illustrated notes

Levels and vault maps discovered:
D:1:      lemuel_arrival_broad_hall, layout_basic, minmay_worlds_worst_comb
D:2:      layout_basic, uniq_crazy_yiuf_cottage, uniq_jessica, uniq_sigmund
D:3:      layout_basic, mainiacjoe_overflow_cross_hatched, serial_shops,
          nicolae_shop_rolling_square, chequers_mini_garden
D:4:      layout_rooms, minmay_temple_entry_large_hall,
          nicolae_elevator_lobby_asterisk, uniq_menkaure

Skill      XL: |  1  2  3  4  5  6 |
---------------+-------------------+-----
Throwing       | 2 |  2.0
Axes           | 3 |  3.0
Dodging        | 3 |  3.0
Short Blades   | 1 4 |  4.5
Stealth        | 2 |  2.0
Spellcasting   | 1 |  1.0
Fighting       | |  2.0

Action                     |  1- 3 |  4- 6 || total
---------------------------+-------+-------++-------
  Melee: War axe           |    64 |       ||    64
         Punch             |     1 |       ||     1
         Dagger            |    56 |    72 ||   128
  Throw: Stone             |     2 |    16 ||    18
         Throwing net      |       |     2 ||     2
         Boomerang         |       |     2 ||     2
    Use: Potion            |       |     5 ||     5
         Scroll            |       |     3 ||     3
   Stab: Sleeping          |       |     1 ||     1
 Armour: Leather armour    |    27 |       ||    27
         Ring mail         |     3 |    26 ||    29
  Dodge: Dodged            |    81 |    31 ||   112
  Block: Buckler           |    11 |     2 ||    13
         Tower shield      |       |    21 ||    21

Table legend: (Time is in decaauts)
 A = Elapsed time spent in this place.
 B = Non-inter-level travel time spent in this place.
 C = Inter-level travel time spent in this place.
 D = Time resting spent in this place.
 E = Time spent auto-exploring this place.
 F = Levels seen in this place.
 G = Mean time per level.
                   A        B        C        D        E       F      G
               +--------+--------+--------+--------+--------+-----+--------+
         Total |   2534 |   2102 |    432 |     74 |   1308 |   4 |  633.5 |
       Dungeon |   2534 |   2102 |    432 |     74 |   1308 |   4 |  633.5 |
               +--------+--------+--------+--------+--------+-----+--------+

Top non-repeatable levels by time:
     D:1: 1065 daAuts
     D:2: 758 daAuts
     D:3: 670 daAuts
     D:4: 40 daAuts
